 Dungeon Crawl Stone Soup version 0.28.0-53-g5a82cb258f (webtiles) character file.

Game seed: 2373023729643530355

539 CuBeRJAN3 the Magician (level 7, -2/45 HPs)
             Began as a Djinni Conjurer on Aug 16, 2022.
             Slain by a gnoll sergeant
             ... wielding a +0 spear
              (12 damage)
             ... on level 4 of the Dungeon.
             The game lasted 00:13:18 (4413 turns).

CuBeRJAN3 the Magician (Djinni Conjurer)            Turns: 4413, Time: 00:13:19

Health: -2/45      AC:  3    Str: 12    XL:     7   Next: 51%
Gold:   146        EV: 13    Int: 28    God:
                   SH:  0    Dex: 11

rFire   + + .      SeeInvis .   d - +1 dagger (speed)
rCold   x . .      Faith    .   (no shield)
rNeg    . . .      Spirit   .   a - +0 robe
rPois   ∞          Reflect  .   (no helmet)
rElec   .          Harm     .   o - +0 cloak
rCorr   .          Rampage  .   (no gloves)
Will    .....                   (boots unavailable)
Stlth   ++........              j - amulet of regeneration
HPRegen 0.95/turn               f - +6 ring of strength
MPRegen 0.00/turn               h - +6 ring of intelligence

@: flying
A: sickness immunity, fire resistance 2, cold vulnerability 1, float, innate
caster, HP casting, extra vitality 1
a: no special abilities


You were on level 4 of the Dungeon.
You visited 1 branch of the dungeon, and saw 5 of its levels.

You collected 263 gold pieces.
You spent 117 gold pieces at shops.

Inventory:

Hand Weapons
 d - a +1 dagger of speed (weapon)
Missiles
 s - 2 boomerangs
Armour
 a - a +0 robe (worn)
 o - a +0 cloak (worn)
Jewellery
 f - a +6 ring of strength (left hand)
 h - a +6 ring of intelligence (right hand)
 j - an amulet of regeneration (around neck)
Wands
 p - a wand of charming (6)
 v - a wand of mindburst (9)
Scrolls
 c - a scroll of enchant armour {unknown}
 g - a scroll of blinking {unknown}
 k - a scroll of teleportation {unknown}
 m - a scroll of magic mapping {unknown}
 n - a scroll of fear {unknown}
 r - 2 scrolls of identify {unknown}
 t - a scroll of vulnerability {unknown}
Potions
 b - 2 potions of brilliance {unknown}
 e - a potion of might {unknown}
 i - 2 potions of ambrosia {unknown}
 l - a potion of cancellation {unknown}
 q - a potion of degeneration {unknown}
 u - a potion of curing {unknown}


   Skills:
 + Level 1.9 Short Blades
 + Level 4.3 Dodging
 + Level 3.5 Stealth
 * Level 5.0 Spellcasting


You couldn't memorise any spells.
You knew the following spells:

 Your Spells              Type           Power      Damage    Failure   Level
a - Magic Dart            Conj           100%       1d8       1%          1
b - Searing Ray           Conj           70%        2d7       1%          2
c - Dazzling Flash        Conj/Hex       70%        N/A       2%          3
d - Fulminant Prism       Conj/Hex       17%        3d11      9%          4
e - Iskenderun's Mystic   Conj/Tloc      35%        2d8       9%          4
f - Slow                  Hex            100%       N/A       1%          1
g - Scorch                Fire           70%        2d9       1%          2
h - Call Canine Familiar  Summ           35%        N/A       2%          3
Your spell library was empty.

Dungeon Overview and Level Annotations

Branches:
Dungeon (5/15)
 Temple: D:4-7

Altars:

Shops:
D:2 [   D:4 [


Innate Abilities, Weirdness & Mutations

You are immune to sickness and miasma.
You are immune to poison.
Your flesh is very heat resistant. (rF++)
You are vulnerable to cold. (rC-)
You float through the air rather than walking.
You learn spells naturally, not from books.
Your magical power is your life essence.
You have superior vitality. (+4 MHP)


Message History

There is a stone staircase leading down here.
Casting: Scorch (safe; 1% risk of failure)
Confirm with . or Enter, or press ? or * to list all spells.
Flames lash the gnoll.
The gnoll is heavily wounded.
The gnoll's fire resistance burns away.
The gnoll closely misses you.
Casting: Scorch (safe; 1% risk of failure)
Confirm with . or Enter, or press ? or * to list all spells.
Flames lash the gnoll.
The gnoll is burned terribly!
You kill the gnoll!
You start resting.
HP restored.
You fly downwards.
The gnoll sergeant barely misses you.
There is a stone staircase leading up here.
The gnoll sergeant hits you with a +0 spear.
The phantom hits you.
You fly upwards.
There is a stone staircase leading down here.
The gnoll sergeant hits you with a +0 spear!
The phantom hits you but does no damage.
The gnoll sergeant closely misses you.
Casting: Scorch (safe; 1% risk of failure)
Confirm with . or Enter, or press ? or * to list all spells.
Flames lash the gnoll sergeant.
The gnoll sergeant is heavily wounded.
The gnoll sergeant's fire resistance burns away.
The phantom hits you but does no damage.
The gnoll sergeant hits you from afar with a +0 spear!
Casting: Scorch (safe; 1% risk of failure)
Confirm with . or Enter, or press ? or * to list all spells.
Flames lash the gnoll sergeant but do no damage.
The phantom barely misses you. The gnoll sergeant barely misses you.
Casting: Scorch (safe; 1% risk of failure)
Confirm with . or Enter, or press ? or * to list all spells.
Flames lash the gnoll sergeant.
The gnoll sergeant is burned terribly!
The gnoll sergeant is severely wounded.
The phantom hits you!
* * * LOW HITPOINT WARNING * * *
The gnoll sergeant hits you from afar with a +0 spear!
You die...

#######..##.......#
.......#.##.......######
.......#...............#
.......##.........####.#
.......##..###.........#
.......##..###[##################
...............)>g...............
.......##..###.#W################
.......###...#.#@#
.......###.#.#.#.#
.....<.......#.#.#
..###....#...#.#.# ..#
#.##.......#.# ..#
#.#####.####.## ..#
#.........[...# ..#
#######..###..# ### ##.# #..#


You could see a phantom and a gnoll sergeant (combustible).

Vanquished Creatures
  Duvessa (D:4)
  Dowan (D:4)
  A jelly (D:3)
  Crazy Yiuf (D:3)
  A gnoll shaman (D:3)
  Ijyb (D:3)
  Terence (D:2)
  An orc wizard (D:4)
  A killer bee zombie (D:4)
  6 gnolls
  6 adders
  An ufetubus (D:4)
  A worm (D:2)
  2 dart slugs (D:1)
  3 orcs
  6 ball pythons
  8 endoplasms
  9 giant cockroaches
  5 goblins
  6 hobgoblins
  6 jackals (D:3)
  9 kobolds
  3 quokkas
  3 bats
  4 frilled lizards
  4 rats
91 creatures vanquished.

Notes
Turn   | Place    | Note
-------+----------+-------------------------------------------
     0 | D:1      | CuBeRJAN3 the Djinni Conjurer began the quest for the Orb.
     0 | D:1      | Reached XP level 1. HP: 15/15 MP: 0/0
   183 | D:1      | Reached XP level 2. HP: 11/21 MP: 0/0
   797 | D:1      | Reached XP level 3. HP: 19/25 MP: 0/0
   797 | D:1      | Learned a level 1 spell: Slow
  1736 | D:1      | Reached XP level 4. HP: 13/31 MP: 0/0
  2207 | D:2      | Reached skill level 4 in Spellcasting
  2232 | D:2      | Found Muoklu's Antique Armour Boutique.
  2665 | D:2      | You are sucked into a shaft and drop 1 floor!
  2687 | D:3      | Reached XP level 5. HP: 33/35 MP: 0/0
  2687 | D:3      | Learned a level 2 spell: Scorch
  2883 | D:3      | Noticed Terence
  2888 | D:2      | Killed Terence
  3079 | D:2      | Bought a cloak for 117 gold pieces
  3194 | D:3      | Found a runed translucent door.
  3195 | D:3      | Noticed Crazy Yiuf
  3201 | D:3      | Killed Crazy Yiuf
  3242 | D:3      | Noticed Ijyb
  3246 | D:3      | Killed Ijyb
  3247 | D:3      | Reached XP level 6. HP: 35/40 MP: 0/0
  3298 | D:3      | Found a faded altar of an unknown god.
  3680 | D:3      | Reached skill level 1 in Short Blades
  3754 | D:4      | Identified the +7 flail of Joyful Slaughter {vorpal, Contam
                  | rN+ Int+4}
  3879 | D:4      | Found Lysate's Armour Boutique.
  3910 | D:4      | Noticed Dowan
  3917 | D:4      | Killed Dowan
  3918 | D:4      | Reached XP level 7. HP: 43/45 MP: 0/0
  3918 | D:4      | Learned a level 3 spell: Call Canine Familiar
  3926 | D:4      | Noticed Duvessa
  3994 | D:4      | Killed Duvessa
  4007 | D:4      | Reached skill level 5 in Spellcasting
  4380 | D:5      | Entered Level 5 of the Dungeon
  4413 | D:4      | Slain by a gnoll sergeant

Illustrated notes

Levels and vault maps discovered:
D:1:      co_arrival_two_rings, layout_loops_ring, minmay_worlds_worst_comb
D:2:      layout_loops_ring, serial_shops, nicolae_shop_behind_doors
D:3:      layout_rooms, hellmonk_ecumenical_altar_dog_temple, bh_walls_and_bars,
          uniq_crazy_yiuf_cottage, uniq_terence, uniq_ijyb
D:4:      layout_basic, serial_shops, nicolae_shop_waterfront,
          kennysheep_generic_room_5, uniq_duvessa
D:5:      cheibrodos_barr_body, layout_cave_pools, kennysheep_crisscross

Skill      XL: |  1  2  3  4  5  6  7 |
---------------+----------------------+-----
Stealth        | 2 3 |  3.5
Dodging        | 3 4 |  4.3
Spellcasting   | 4 5 |  5.0
Short Blades   | 1 |  1.9

Action                   |  1- 3 |  4- 6 |  7- 9 || total
-------------------------+-------+-------+-------++-------
 Cast: Magic Dart        |    33 |    42 |    27 ||   102
       Searing Ray       |    21 |    14 |     1 ||    36
       Scorch            |       |    40 |    10 ||    50
       Slow              |       |       |     1 ||     1
Armor: Robe              |     1 |     7 |     3 ||    11
Dodge: Dodged            |     8 |    21 |     8 ||    37
